 Dungeon Sprint DCSS version 0.17-a0-1831-gaadb308 (webtiles) character file.

685 Kidiri the Covert (level 7, -3/29 (32) HPs)
             Began as a Spriggan Enchanter on Sept 14, 2015.
             Slain by a boulder beetle (32 damage)
             ... in the Dungeon (Sprint II: "The Violet Keep of Menkaure").
             The game lasted 00:02:35 (371 turns).

Kidiri the Covert (Spriggan Enchanter)               Turns: 371, Time: 00:02:35

HP:   -3/29 (32)    AC:  3    Str:  4    XL:     7   Next: 35%
MP:   21/21         EV: 28    Int: 17    God:
Gold: 729           SH:  0    Dex: 18    Spells: 5 memorised, 13 levels left

rFire  . . .     SeeInvis +     a - +1 dagger
rCold  . . .     Clarity  .     b - +1 robe
rNeg   . . .     SustAt   .     (shield restricted)
rPois  .         Gourm    .     (helmet restricted)
rElec  .         Spirit   .     (no cloak)
rCorr  .         Warding  .     (gloves unavailable)
rMut   .         NoTele   +     (boots unavailable)
MR     +....                    (no amulet)
Stlth  ++++++....               (no ring)
                                (no ring)

@: very quick, somewhat resistant to hostile enchantments, very stealthy
A: unfitting armour, see invisible, herbivore 3, speed 3, slow metabolism 2
a: no special abilities


You were in the Dungeon.
You were not hungry.

You visited 1 branch You collected 729 gold pieces.

Inventory:

Hand weapons
 a - a +1 dagger (weapon)
Armour
 b - a +1 robe (worn)
Scrolls
 j - a scroll of blinking
Potions
 e - a potion of curing
 f - a potion of heal wounds
 g - a potion of haste
 h - 2 potions of magic
Books
 c - a book of Maledictions

   Spells                             Type                      Level
   a - Corona                         Hexes                        1
   b - Ensorcelled Hibernation        Hexes/Ice                    2
   c - Confuse                        Hexes                        3
   d - Tukima's Dance                 Hexes                        3
   e - Dazzling Spray                 Conjuration/Hexes            3
Comestibles
 d - a bread ration


   Skills:
 + Level 5.9 Short Blades
 * Level 11.2 Dodging
 * Level 12.5 Stealth
 * Level 9.7 Spellcasting
 + Level 1.8 Conjurations
 + Level 7.3 Hexes
 + Level 2.5 Ice Magic


You had 13 spell levels left.
You knew the following spells:

 Your Spells              Type           Power        Failure   Level  Hunger
a - Corona                Hex            ####...      1%          1    None
b - Ensorcelled Hibernat  Hex/Ice        ####..       1%          2    None
c - Confuse               Hex            ####....     1%          3    None
d - Tukima's Dance        Hex            ####....     1%          3    None
e - Dazzling Spray        Conj/Hex       ###.....     4%          3    None


Dungeon Overview and Level Annotations

Branches:
Dungeon (1/1)

Altars:


Innate Abilities, Weirdness & Mutations

You are tiny and cannot use many weapons and most armour.
You have supernaturally acute eyesight.
You are a herbivore.
You cover ground extremely quickly.
You need consume almost no food.


Message History

Magic restored.
You start resting.
HP restored.
You already know all available spells.
Unknown command.
Unknown command.
Unknown command.
You open the door.
There is an open door here.
The boulder beetle twitches its antennae in your direction.
You hit the boulder beetle but do no damage.
The boulder beetle barely misses you.
Unknown command.
There is an open door here.
The helpless boulder beetle fails to defend itself.
You stick the boulder beetle like a pincushion!!!
The boulder beetle is almost dead.
The boulder beetle bites you!!
Ouch! That really hurt!
You die...

##+## ##$#.##
#.B#B.#
####@#.####
##.###'###.##
#...##.###..#
+.##'.<.'.##+
#...##.###%.#
##.###%###%##
####.#.####
#.###.#
##.#.##


You could see a boulder beetle.

Vanquished Creatures
  2 hippogriffs (D)
  4 necrophages (D)
  4 worker ants (D)
10 creatures vanquished.

Vanquished Creatures (others)
  A crocodile (D)
1 creature vanquished.

Grand Total: 11 creatures vanquished

Notes
Turn   | Place    | Note
--------------------------------------------------------------
     0 | D        | Kidiri the Spriggan Enchanter began the quest for the Orb.
     0 | D        | Reached XP level 1. HP: 9/9 MP: 5/5
     1 | D        | Noticed a hippogriff
     1 | D        | Noticed a hippogriff
     4 | D        | Noticed a necrophage
     4 | D        | Noticed a necrophage
     4 | D        | Noticed a necrophage
     4 | D        | Noticed a necrophage
    11 | D        | Killed a necrophage
    11 | D        | Reached skill level 6 in Dodging
    11 | D        | Reached skill level 7 in Stealth
    11 | D        | Reached skill level 5 in Spellcasting
    11 | D        | Reached XP level 2. HP: 12/12 MP: 5/9
    11 | D        | Reached XP level 3. HP: 15/15 MP: 6/11
    11 | D        | Reached XP level 4. HP: 20/20 MP: 6/12
    23 | D        | Killed a necrophage
    23 | D        | Reached skill level 8 in Dodging
    23 | D        | Reached skill level 9 in Stealth
    23 | D        | Reached skill level 5 in Hexes
    23 | D        | Reached XP level 5. HP: 17/22 MP: 6/15
    27 | D        | Killed a crocodile
    44 | D        | Learned a level 2 spell: Ensorcelled Hibernation
    48 | D        | Learned a level 3 spell: Confuse
    59 | D        | Killed a necrophage
    59 | D        | Reached skill level 10 in Stealth
   102 | D        | Learned a level 3 spell: Tukima's Dance
   114 | D        | Killed a necrophage
   114 | D        | Reached skill level 5 in Short Blades
   114 | D        | Reached skill level 11 in Stealth
   114 | D        | Reached skill level 1 in Ice Magic
   114 | D        | Reached XP level 6. HP: 14/25 MP: 0/18
   119 | D        | Learned a level 3 spell: Dazzling Spray
   250 | D        | Noticed a boulder beetle
   250 | D        | Noticed a boulder beetle
   254 | D        | Noticed a worker ant
   254 | D        | Noticed a worker ant
   256 | D        | Noticed a worker ant
   256 | D        | Noticed a worker ant
   257 | D        | Killed a worker ant
   257 | D        | Reached skill level 10 in Dodging
   258 | D        | Killed a worker ant
   260 | D        | Killed a worker ant
   263 | D        | Killed a worker ant
   278 | D        | Killed a hippogriff
   278 | D        | Reached skill level 12 in Stealth
   278 | D        | Reached skill level 1 in Conjurations
   278 | D        | Reached XP level 7. HP: 29/29 MP: 16/20
   282 | D        | Killed a hippogriff
   371 | D        | Slain by a boulder beetle

Vault maps used:
D:        the_violet_keep_of_menkaure

Action                   |  1- 3 |  4- 6 |  7- 9 || total
-------------------------+-------+-------+-------++-------
Melee: Dagger            |     5 |    29 |     3 ||    37
 Cast: Confuse           |       |     6 |       ||     6
       Ensorcelled Hiber |       |     1 |     3 ||     4
  Use: Potion            |     1 |       |       ||     1
 Stab: Confused          |       |     2 |       ||     2
       Sleeping          |       |     5 |     2 ||     7
